 Dungeon Crawl Stone Soup version 0.31-a0-233-g139696dc86 (webtiles) character file.

Game seed: 8441341966980224209

711594 Shard1697 the Intangible (level 27, -1/189 (220) HPs)
             Began as a Djinni Transmuter on July 8, 2023.
             Was an Elder of Jiyva.
             Slain by a +0 heavy great sword (38 damage)
             ... on level 5 of the Iron City of Dis.
             The game lasted 03:00:41 (58161 turns).

Shard1697 the Intangible (Djinni Transmuter)       Turns: 58161, Time: 03:00:42

HP:   -1/189 (220)  AC: 15    Str:  8      XL:     27
Gold: 2867          EV: 46    Int: 23 (25) God:    Jiyva [****..] SH: 21 Dex: 26

rFire   + +          +
                       - Unarmed
rCold   + + +        K - +5 Storm Queen's Shield {shock, Fly rElec}
rNeg    + . .        o - +4 skin of Zhor {*Englaciate rC+++ SInv}
rPois   ∞            u - -2 hat of the Alchemist {rElec rPois rF+ rC+ rN+ Will+ rMut rCorr}
rElec   +            F - +4 dragonskin cloak
rCorr   +            O - +2 pair of gloves
SInv    +            (boots unavailable)
Will    +++..        Y - amulet of regeneration
Stlth   +++++        y - +4 ring of slaying
HPRegen 2.59/turn    c - ring "Xeru" {+Blink rElec rPois EV+5 Dex+5}
MPRegen 0.00/turn

%: clarity, resist mutation, infuse magic (-2 HP)
@: about to teleport, flying, studying 3 skills, heavily drained, corroded
A: sickness immunity, fire resistance 2, cold vulnerability 1, float, innate
caster, HP casting, extra vitality 1, horns 1, iridescent scales 3, agile 1,
clarity, electricity resistance, gelatinous body 3, translucent skin 1
}: 5/15 runes: decaying, slimy, silver, golden, gossamer
a: Renounce Religion, Evoke Blink, Oozemancy, Slimify


You were on level 5 of the Iron City of Dis.
You worshipped Jiyva.
Jiyva was greatly pleased with you.
You visited 14 branches of the dungeon, and saw 64 of its levels.
You also visited: Ice Cave and Wizlab.

You collected 7497 gold pieces.
You spent 4630 gold pieces at shops.

Inventory:

Armour
 k - the +2 cloak of the Thief {*Fog Slay-2 SInv Stlth+}
   (You found it in a wizard's laboratory)

   *Fog:      It may release a thick cloud of smoke when the wearer is hurt.
   Slay:      It affects your accuracy & damage with ranged weapons and melee
   (-2).
   SInv:      It lets you see invisible.
   Stlth:     It makes you more stealthy.
 o - the +4 skin of Zhor (worn) {*Englaciate rC+++ SInv}
   (You found it on level 4 of the Swamp)

   *Englaciate: It radiates cold, occasionally slowing all nearby creatures who
   are not resistant to cold.
   rC:        It renders you almost immune to cold.
   SInv:      It lets you see invisible.
 u - the -2 hat of the Alchemist (worn) {rElec rPois rF+ rC+ rN+ Will+ rMut rCorr}
   (You found it on level 2 of the Spider Nest)

   rF:        It protects you from fire.
   rC:        It protects you from cold.
   rElec:     It insulates you from electricity.
   rPois:     It protects you from poison.
   rN:        It protects you from negative energy.
   rCorr:     It protects you from acid and corrosion.
   rMut:      It protects you from mutation.
   Will:      It increases your willpower.
 F - the +4 dragonskin cloak (worn)
   (You took it off Tiamat on level 1 of the Realm of Zot)

   Avatar's Aegis: It grants the wearer a chance to resist fire, cold, poison,
   electricity, acid, and negative energy.
 K - the +5 Storm Queen's Shield (worn) {shock, Fly rElec}
   (You bought it in a shop on level 14 of the Dungeon)

   Shock:     When it blocks an attack, it may electrocute the attacker.
   This works even against foes who are a short distance away.
   rElec:     It insulates you from electricity.
   Fly:       It grants you flight.
 N - a scarf of repulsion
 O - a +2 pair of gloves (worn)
Jewellery
 c - the ring "Xeru" (right hand) {+Blink rElec rPois EV+5 Dex+5}
   (You acquired it on level 2 of the Swamp)

   [ring of evasion]

   EV:        It affects your evasion (+5).
   Dex:       It affects your dexterity (+5).
   rElec:     It insulates you from electricity.
   rPois:     It protects you from poison.
   +Blink:    It lets you blink.
 y - a +4 ring of slaying (left hand)
 B - the ring "Cygy" {Wiz rC+}
   (You found it on level 1 of the Realm of Zot)

   [ring of wizardry]

   It improves your spell success rate.
   rC:        It protects you from cold.
 C - the ring "Ygerepo" {rPois AC+4 Dex+3}
   (You took it off an ironbound convoker on level 5 of the Vaults)

   [ring of protection]

   AC:        It affects your AC (+4).
   Dex:       It affects your dexterity (+3).
   rPois:     It protects you from poison.
 T - the ring "Vaofem" {rC+ Will+ Int-4 Stlth+}
   (You found it on level 5 of the Pits of Slime)

   [ring of willpower]

   Int:       It affects your intelligence (-4).
   rC:        It protects you from cold.
   Will:      It increases your willpower.
   Stlth:     It makes you more stealthy.
 V - the amulet "Jaucrux" {Acrobat Harm rElec Will+}
   (You found it on level 5 of the Pits of Slime)

   [amulet of the acrobat]

   It increases your evasion while moving and waiting.
   rElec:     It insulates you from electricity.
   Harm:      It increases damage dealt and taken.
   Will:      It increases your willpower.
 Y - an amulet of regeneration (around neck)
Wands
 i - a wand of digging (20)
 t - a wand of light (27)
 A - a wand of mindburst (32)
 I - a wand of paralysis (34)
 Q - a wand of iceblast (19)
Scrolls
 f - 6 scrolls of enchant armour
 j - a scroll of teleportation
 l - a scroll of revelation
 n - 2 scrolls of silence
 q - a scroll of brand weapon
 r - 5 scrolls of vulnerability
 v - 6 scrolls of amnesia
 x - 9 scrolls of fear
 D - 4 scrolls of enchant weapon
 E - 4 scrolls of poison
 L - a scroll of summoning
 M - 13 scrolls of fog
 W - 13 scrolls of identify
Potions
 a - 9 potions of brilliance
 b - 4 potions of lignification
 d - 4 potions of might
 e - 17 potions of curing
 g - 4 potions of haste
 h - 5 potions of magic
 p - 3 potions of attraction
 s - 10 potions of enlightenment
 w - 10 potions of ambrosia
 z - 6 potions of resistance
 G - a potion of mutation
 P - a potion of invisibility
 X - 2 potions of berserk rage
Miscellaneous
 H - a figurine of a ziggurat


   Skills:
 + Level 24.7 Fighting
 - Level 11.0 Armour
 O Level 27 Dodging
 - Level 5.0 Stealth
 - Level 15.1 Shields
 + Level 26.3 Unarmed Combat
 - Level 19.0 Spellcasting
 - Level 19.0 Conjurations
 - Level 19.0 Hexes
 - Level 19.0 Summonings
 - Level 19.0 Necromancy
 - Level 20.9 Translocations
 - Level 19.0 Transmutations
 - Level 20.9 Fire Magic
 - Level 19.0 Ice Magic
 - Level 23.7 Air Magic
 - Level 19.0 Earth Magic
 - Level 19.0 Poison Magic
 - Level 6.9 Evocations


You knew the following spells:

 Your Spells              Type           Power      Damage    Failure   Level
a - Beastly Appendage     Tmut           100%       N/A       0%          1
b - Wereblood             Tmut           83%        N/A       0%          2
c - Spider Form           Tmut/Pois      83%        N/A       0%          3
d - Ice Form              Ice/Tmut       83%        N/A       1%          4
e - Metabolic Englaciati  Hex/Ice        41%        N/A       1%          5
f - Frozen Ramparts       Ice            100%       1d16      0%          3
g - Eringya's Noxious Bo  Tmut/Pois      41%        4d6       1%          6
h - Dispel Undead         Necr           83%        3d27      1%          4
i - Freeze                Ice            100%       1d10      0%          1
j - Poisonous Vapours     Pois/Air       100%       N/A       0%          2
k - Discord               Hex            41%        N/A       14%         8
l - Vampiric Draining     Necr           83%        2d11      0%          3
m - Disjunction           Tloc           43%        N/A       6%          8
n - Death's Door          Necr           41%        N/A       91%         9
r - Maxwell's Capacitive  Air            46%        ∞         1%          8
t - Monstrous Menagerie   Summ           41%        N/A       1%          7
y - Orb of Destruction    Conj           41%        9d11      1%          7
Your spell library was empty.

Dungeon Overview and Level Annotations

Branches:
Dungeon (15/15)            Temple (0/1) D:7            Lair (5/5) D:10
  Swamp (4/4) Lair:3       Spider (4/4) Lair:2        Slime (5/5) Lair:5
    Orc (2/2) D:10            Elf (3/3) Orc:2        Vaults (5/5) D:14
  Crypt (3/3) Vaults:3       Tomb (3/3) Crypt:3      Depths (4/4) D:15
   Hell (visited)             Dis (5/7) Hell            Coc (0/7) Hell
    Zot (5/5) Depths:4      IceCv (visited)          WizLab (visited)
    Geh: Hell:1         Tar: Hell:1

Altars:
Nemelex Xobeh
Qazlal
Uskayaw
Wu Jian
Jiyva
Lugonu

Shops:
D:4 *   D:14 [   Orc:2 **(!   Elf:2 [   Elf:3 [   Vaults:1 (   Vaults:5 (!!!

Portals:
Hell: Depths:1 Depths:3 Depths:4
Abyss: Depths:2 Depths:3
Ziggurat: Depths:2
Trove: D:10 (give +6 fire dragon scales)

Annotations:
D:6 3 runed translucent doors, Cidec's ghost, novice DsGl
Slime:5 Royal Jelly
Zot:4 3 transporters


Innate Abilities, Weirdness & Mutations

You are immune to sickness and miasma.
You are immune to poison.
Your flesh is very heat resistant. (rF++)
You are vulnerable to cold. (rC-)
You float through the air rather than walking.
You learn spells naturally, not from books.
Your magical power is your life essence.
You have superior vitality. (+4 MHP)
You have a pair of small horns on your head.
You are completely covered in iridescent scales. (AC +6)
You are agile. (Dex +4, Str/Int -1)
You possess an exceptional clarity of mind.
You are resistant to electric shocks. (rElec)
Your gelatinous body deflects attacks. (AC +3, EV +3)
Your translucent skin slightly reduces your foes' accuracy. (Stealth+)


Message History

The +1 heavy glaive hits you from afar!
* * * LOW HITPOINT WARNING * * *
You block the +0 heavy lajatang's attack.
Your shield discharges, shocking the +0 heavy lajatang!
The +0 heavy lajatang completely resists.
The Executioner completely misses you. The Executioner misses you. x2
A hell knight comes into view. It is wielding a +3 great sword.
The +3 heavy triple sword completely misses you.
Blink to where?
Press: ? - help, Dir - move target A reaper and 2 +0 heavy executioner's axes come into view.
There is a +0 heavy executioner's axe.
There is a +0 heavy executioner's axe.
As you read the scroll of blinking, it crumbles to dust.
Your surroundings suddenly seem different.
A war gargoyle, 6 dancing weapons, an ancient champion and a reaper come into view.
There is a +1 heavy executioner's axe.
There is a +1 heavy battleaxe.
There is a +1 heavy bardiche.
There is a +3 heavy great sword.
There is a +0 heavy great sword.
There is a +1 heavy great sword.
Found a stone staircase leading down.
You block the +0 heavy executioner's axe's attack.
Your shield discharges, shocking the +0 heavy executioner's axe!
The +0 heavy executioner's axe completely resists.
As you read the scroll of teleportation, it crumbles to dust.
You feel strangely unstable.
You block the +0 heavy great sword's attack.
The reaper hits you with a +3 scythe!
* * * LOW HITPOINT WARNING * * *
Okay, then.
Casting: Monstrous Menagerie (mildly dangerous; 1% risk of failure)
Confirm with . or Enter, or press ? or * to list all spells.
Okay, then.
As you read the scroll of summoning, it crumbles to dust.
Wisps of shadow whirl around you...
The +1 heavy great sword hits your caustic shrike!!
The +1 heavy battleaxe hits your caustic shrike!!
The war gargoyle hits your iron golem with a +6 lajatang!!
You block the +0 heavy executioner's axe's attack.
The +0 heavy executioner's axe barely misses your caustic shrike.
The +0 heavy executioner's axe hits your caustic shrike but does no damage.
The +0 heavy executioner's axe hits your tormentor!!
The +0 heavy great sword hits you!!!
You die...

.. ......#.(.... ...(
###............ ...C
.#.(...(bz..... .^.#
....#........(
.p###...###...b.(9##
...#.(...#..21b.9.C##
A...((#...Cb..bb2(.9##
(.(((###....b..(@2...#
A.1§..#.......#.(b....#
^............###..(.b.#
#...........# ##...>.#
##.^.......# #....#
########### #####


You could see a frost giant (wandering), 2 reapers, an ancient champion
(wandering), an Executioner, a war gargoyle (ally target), 8 dancing weapons, 2
friendly iron golems, a friendly iron giant (summoned), 9 friendly caustic
shrikes and a friendly tormentor (summoned).

Vanquished Creatures
  Tiamat (Zot:1)
  5 dread liches
  3 ancient liches (Zot:5)
  The ghost of coffeetime the Impregnable, a master AtFi of Nemelex Xobeh (Zot:1)
  4 orbs of fire
  Josephina (Depths:4)
  22 royal mummies
  Sojobo (Vaults:4)
  Parghit (Zot:3)
  Saint Roka (Vaults:1)
  2 Killer Klowns (Zot:5)
  3 curse toes
  12 golden dragons
  Geryon (Hell)
  7 caustic shrikes
  3 bone dragons
  5 electric golems
  23 tentacled monstrosities
  2 Ice Fiends (IceCv)
  25 Orb Guardians
  2 deep elf blademasters
  11 liches
  5 titans (Vaults:5)
  7 quicksilver dragons
  6 searing wretches (Depths:1)
  Murray (Depths:1)
  20 ancient champions
  An eldritch tentacle (WizLab)
  11 sphinxes
  A tentacled starspawn (WizLab)
  10 death cobs
  A thorn hunter (Swamp:3)
  Agnes (Spider:2)
  14 storm dragons
  6 revenants
  9 tengu reavers
  11 shadow dragons
  11 draconian monks
  2 balrugs (Hell)
  3 fire giants
  7 deep elf sorcerers
  10 frost giants
  5 draconian knights
  12 vault wardens
  2 quicksilver elementals (Dis:4)
  2 caustic shrike zombies (Crypt:2)
  13 ghost moths
  3 iron dragons
  7 emperor scorpions (Spider:4)
  5 draconian shifters
  4 draconian annihilators
  An orc warlord (Orc:1)
  5 draconian scorchers
  2 curse skulls (Crypt:2)
  6 deep elf elementalists (Elf:3)
  An angel (WizLab)
  4 ghouls
  22 ironbound preservers
  13 reapers
  A caustic shrike skeleton (Crypt:2)
  7 draconian stormcallers
  4 ironbound thunderhulks
  2 broodmothers
  10 very ugly things
  17 stone giants
  3 eleionomae
  7 war gargoyles
  12 vampire knights
  13 black draconians
  3 demonspawn black suns (Zot:3)
  Nessos (D:12)
  11 green draconians
  14 bennus
  6 deep elf demonologists (Elf:3)
  8 white draconians
  3 spark wasps
  9 purple draconians
  12 yellow draconians
  16 dire elephants
  7 red draconians
  8 deep elf annihilators
  4 bunyips
  2 merfolk javelineers
  A blizzard demon (Hell)
  6 deep elf death magi
  8 fire dragons
  4 crystal guardians
  3 eidola
  2 merfolk impalers (Depths:2)
  13 ettins
  18 yaktaur captains
  19 mummy priests
  5 deep elf high priests
  An elf zombie (Crypt:3)
  7 entropy weavers
  5 jiangshi
  A spriggan zombie (Crypt:2)
  6 ice dragons
  20 hydras
  5 rakshasas
  2 jorogumos
  An ogre mage (Vaults:5)
  A spriggan air mage (Depths:4)
  3 peacekeepers
  26 vault guards
  10 ironbound frosthearts
  5 ghost crabs
  A stoker (Hell)
  15 centaur warriors
  3 radroaches
  A catoblepas (D:14)
  3 nameless horrors
  A death knight (Crypt:1)
  28 dancing weapons
  52 death scarabs
  8 alligators
  8 deep troll earth magi
  4 tengu warriors
  4 spriggan berserkers
  5 deep troll shamans
  2 boulder beetles
  5 vampire magi
  2 thrashing horrors (WizLab)
  6 death yaks (Lair:5)
  11 demonic crawlers
  2 orc high priests
  10 hell hogs
  15 hell knights
  Sonja (D:11)
  14 sun demons
  10 soul eaters
  23 deep elf knights
  46 skeletal warriors
  A salamander mystic (Depths:4)
  A crystal echidna (Dis:2)
  A skyshark (Lair:2)
  4 shadow wraiths
  2 iron trolls
  Amaemon (Lair:2)
  2 titan skeletons
  4 pharaoh ants
  9 orb spiders
  A sun moth (Spider:4)
  Lodul (D:10)
  A sixfirhy (D:14)
  An anaconda zombie (Hell)
  70 deep trolls
  4 goliath frogs
  9 swamp dragons
  A flayed ghost (Crypt:2)
  A golden dragon zombie (Crypt:2)
  6 spriggan druids
  7 spriggan simulacra
  An orange crystal statue (IceCv)
  A kraken simulacrum (Hell)
  6 bog bodies
  A lindwurm (Vaults:2)
  8 wizards
  8 orc knights
  A golden dragon skeleton (Depths:3)
  20 ironbound convokers
  14 deep elf archers
  12 steelbarb worms
  4 harpies
  7 phantasmal warriors
  16 necromancers
  29 wolf spiders
  27 deep elf zephyrmancers
  An anaconda skeleton (Crypt:2)
  2 obsidian statues
  A mana viper (WizLab)
  37 deep elf pyromancers
  A stone giant zombie (Crypt:2)
  7 orc sorcerers
  3 salamanders (Depths:4)
  6 cyclopes
  An iron dragon zombie (Crypt:3)
  24 ugly things
  3 manticores
  3 will-o-the-wisps (Swamp:3)
  9 elephants (Lair:4)
  A centaur zombie (Tomb:3)
  A dire elephant zombie (Crypt:3)
  7 black mambas
  32 moths of wrath
  4 torpor snails
  2 guardian serpents
  3 rust devils
  A gargoyle (D:13)
  9 vault sentinels
  Maurice (D:11)
  A stone giant skeleton (Crypt:1)
  5 smoke demons
  A cane toad (shapeshifter) (D:14)
  2 centaur skeletons
  Maggie (D:6)
  An orange demon (Lair:2)
  7 unseen horrors (Crypt:2)
  10 cane toads
  A redback zombie (Crypt:2)
  A rime drake (Lair:5)
  13 freezing wraiths
  5 hellions
  31 yaktaurs
  2 anaconda simulacra
  6 komodo dragons
  A minotaur skeleton (Crypt:1)
  A green draconian skeleton (Crypt:1)
  A tormentor (Dis:1)
  A sea snake zombie (Hell)
  2 ice devils
  2 human skeletons (WizLab)
  41 guardian mummies
  3 meliai (Spider:2)
  A red devil (Hell)
  2 golden dragon simulacra (Depths:4)
  3 hydra zombies (Hell)
  4 tengu conjurers
  An ancient zyme (WizLab)
  A harpy zombie (Crypt:2)
  A death drake zombie (Crypt:2)
  19 tyrant leeches
  6 trolls
  9 polar bears (Lair:5)
  A polar bear (shapeshifter) (D:14)
  14 hornets
  3 hydra skeletons
  A harpy skeleton (Crypt:2)
  31 tarantellas
  A fire dragon zombie (Crypt:3)
  16 blink frogs
  A blink frog (shapeshifter) (D:13)
  3 raiju
  An iron dragon simulacrum (Depths:3)
  An ice dragon skeleton (Tomb:1)
  59 flying skulls
  25 jumping spiders
  Sigmund (D:2)
  An alligator zombie (Hell)
  2 shadows
  13 water elementals
  4 air elementals
  A black mamba zombie (Crypt:2)
  3 wraiths
  An alligator skeleton (Hell)
  16 ushabtiu
  22 culicivoras
  12 spriggans
  A dire elephant simulacrum (IceCv)
  29 yaks
  11 wyverns
  3 fire elementals
  A large abomination (WizLab)
  4 basilisks
  2 steam dragons (D:8)
  Grum (D:11)
  A human (shapeshifter) (D:14)
  67 redbacks
  2 minotaur simulacra (IceCv)
  3 spatial vortices (WizLab)
  A harpy simulacrum (Crypt:1)
  7 wargs
  22 swamp worms
  22 vampire mosquitoes
  3 naga zombies
  13 hell hounds (Lair:5)
  3 acid dragons
  4 naga skeletons
  A hydra simulacrum (IceCv)
  26 water moccasins
  34 orc warriors
  A deep troll skeleton (WizLab)
  2 alligator simulacra (IceCv)
  2 ice beasts
  10 swamp drakes
  16 black bears
  A black mamba simulacrum (Tomb:1)
  14 ogres
  4 boggarts
  49 wolves
  15 centaurs
  An ettin simulacrum (IceCv)
  2 phantoms
  6 kobold brigands
  11 bullfrogs
  4 scorpions
  2 necrophages
  A gnoll sergeant (D:9)
  A glowing shapeshifter simulacrum (Depths:4)
  6 deep troll simulacra (IceCv)
  An earth elemental (Elf:1)
  A hornet simulacrum (D:15)
  12 wights
  2 small abominations (WizLab)
  5 killer bees (D:7)
  A lindwurm simulacrum (IceCv)
  A raiju skeleton (Crypt:2)
  2 electric eels (Elf:3)
  2 troll skeletons
  7 jellies
  4 crimson imps (D:13)
  A hound (D:5)
  25 orc priests
  7 starcursed masses (WizLab)
  Crazy Yiuf (D:2)
  5 gnoll boudas
  A sleepcap (D:6)
  Jessica (D:3)
  3 hell rats
  6 iguanas
  Ijyb (D:5)
  Terence (D:2)
  36 orc wizards
  An acid dragon zombie (Crypt:1)
  A hound skeleton (Crypt:1)
  35 mummies
  Robin (D:3)
  15 gnolls
  2 adders
  3 shadow imps
  8 white imps
  2 howler monkey simulacra (D:8)
  A worm (D:2)
  3 dart slugs
  95 orcs
  3 bats
  3 endoplasms
  4 giant cockroaches
  5 hobgoblins
  2 quokkas
  7 ball pythons
  5 frilled lizards
  11 goblins
  A goblin skeleton (Crypt:1)
  27 kobolds
  6 rats
  2 fire vortices (Hell)
2650 creatures vanquished.

Vanquished Creatures (collateral kills)
  A juggernaut (Depths:4)
  An ancient lich (Vaults:4)
  2 royal mummies (Tomb:1)
  3 caustic shrikes
  A golden dragon (Depths:4)
  A lich (Depths:2)
  A shadow dragon (Vaults:5)
  A draconian monk (Zot:2)
  A fire giant (Depths:2)
  2 vault wardens
  An orc warlord (Vaults:4)
  A deep elf elementalist (Elf:3)
  A reaper (Hell)
  3 war gargoyles (Crypt:3)
  A draconian shifter (Zot:2)
  A very ugly thing (Vaults:5)
  A stone giant (Depths:2)
  An ironbound preserver (Vaults:5)
  A draconian annihilator (Zot:2)
  An ironbound thunderhulk (Vaults:3)
  A green draconian (Depths:4)
  An eleionoma (Lair:3)
  A dire elephant (Vaults:1)
  A deep elf annihilator (Elf:3)
  A deep elf death mage (Elf:3)
  An ettin (Depths:2)
  A yaktaur captain (Vaults:4)
  10 vault guards
  An ice dragon (Depths:3)
  2 dancing weapons (Elf:2)
  A death scarab (Tomb:3)
  2 deep elf knights (Elf:2)
  A titan skeleton (Depths:3)
  A skeletal warrior (Crypt:3)
  4 deep trolls
  An orb spider (Spider:4)
  A deep elf archer (Elf:3)
  An ironbound convoker (Vaults:3)
  A deep elf zephyrmancer (Elf:1)
  A phantasmal warrior (Vaults:5)
  2 necromancers (Depths:3)
  A deep elf pyromancer (Elf:1)
  A fire giant zombie (Depths:3)
  A wolf spider (Spider:2)
  An ugly thing (Depths:2)
  A frost giant skeleton (Depths:3)
  2 yaktaurs
  A flying skull (Tomb:3)
  A jumping spider (Spider:2)
  2 water elementals (Depths:3)
  An ushabti (Tomb:1)
  A redback (Vaults:5)
  A mummy (Tomb:3)
76 creatures vanquished.

Vanquished Creatures (others)
  A Killer Klown (Zot:5)
  3 acid blobs
  4 great orbs of eyes
  A draconian scorcher (Zot:3)
  2 azure jellies
  A draconian knight (Zot:4)
  3 formless jellyfish
  A ghost moth (Zot:1)
  An ironbound thunderhulk (Vaults:2)
  A reaper (Hell)
  An ironbound preserver (Vaults:4)
  A demonspawn black sun (Zot:3)
  2 mummy priests (Tomb:2)
  2 yaktaur captains (Vaults:4)
  An ironbound frostheart (Vaults:1)
  2 satyrs (shapeshifter) (Vaults:5)
  A dancing weapon (Elf:2)
  2 death scarabs (Tomb:2)
  3 glowing orange brains
  An orb spider (shapeshifter) (Vaults:3)
  A deep troll (Vaults:1)
  2 wizards
  2 lindwurms (Vaults:2)
  A deep elf archer (Elf:3)
  2 deep elf zephyrmancers
  An ironbound convoker (Vaults:2)
  2 necromancers
  3 ugly things
  A salamander (shapeshifter) (Vaults:5)
  A dire elephant zombie (Tomb:2)
  5 vault sentinels
  An elephant (shapeshifter) (Vaults:5)
  2 yaktaurs
  A kobold demonologist (D:10)
  2 guardian mummies (Tomb:2)
  A komodo dragon (shapeshifter) (Vaults:4)
  A sea snake skeleton (Hell)
  A tyrant leech (Spider:1)
  A floating eye (Depths:2)
  A slime creature (shapeshifter) (Vaults:5)
  34 slime creatures
  6 flying skulls
  A wraith (D:14)
  A steam dragon (D:9)
  2 redbacks (Vaults:5)
  A swamp worm (Swamp:1)
  A water moccasin (Lair:1)
  A scorpion (D:6)
  2 wights
  A howler monkey (D:9)
  304 jellies
  An orc wizard (D:5)
  4 hell rats (Hell)
  4 mummies (Tomb:2)
  3 gnolls
  A swamp drake skeleton (Crypt:1)
  4 orcs
  An endoplasm (D:4)
  A hobgoblin (shapeshifter) (Vaults:2)
  A quokka (D:5)
  2 ball pythons
  A ball python skeleton (Crypt:2)
  A gnoll skeleton (Crypt:2)
  A creeping inferno (Hell)
  10 foxfires
  2 starspawn tentacles (WizLab)
  4 tentacles (Hell)
461 creatures vanquished.

Grand Total: 3187 creatures vanquished

Notes
Turn   | Place    | Note
-------+----------+-------------------------------------------
     0 | D:1      | Shard1697 the Djinni Transmuter began the quest for the
                  | Orb.
     0 | D:1      | Shard1697 set off with the following spells memorised:
                  | Beastly Appendage, Wereblood, Spider Form, Ice Form.
     0 | D:1      | Reached XP level 1. HP: 17/17 MP: 0/0
   175 | D:1      | Reached XP level 2. HP: 22/22 MP: 0/0
  1082 | D:2      | Reached XP level 3. HP: 26/27 MP: 0/0
  1082 | D:2      | Learned a level 1 spell: Freeze
  1100 | D:2      | Noticed Terence
  1116 | D:2      | Killed Terence
  1186 | D:2      | Reached XP level 4. HP: 20/32 MP: 0/0
  1659 | D:2      | Noticed Sigmund
  1674 | D:2      | Killed Sigmund
  1675 | D:2      | Reached skill level 5 in Unarmed Combat
  1675 | D:2      | Reached XP level 5. HP: 25/37 MP: 0/0
  1675 | D:2      | Learned a level 2 spell: Poisonous Vapours
  1675 | D:2      | Reached XP level 6. HP: 29/42 MP: 0/0
  1835 | D:2      | Found a runed translucent door.
  1836 | D:2      | Noticed Crazy Yiuf
  1964 | D:2      | Killed Crazy Yiuf
  2029 | D:3      | Noticed Jessica
  2054 | D:3      | Killed Jessica
  2152 | D:3      | Noticed Robin
  2169 | D:3      | Killed Robin
  2739 | D:3      | Found a faded altar of an unknown god.
  2759 | D:3      | Prayed at the altar of an unknown god.
  2759 | D:3      | Became a worshipper of Jiyva Jeiclukk the Shapeless
  2759 | D:3      | Reached * piety under Jiyva
  3142 | D:4      | Reached XP level 7. HP: 37/47 MP: 0/0
  3142 | D:4      | Learned a level 3 spell: Frozen Ramparts
  3163 | D:4      | Reached ** piety under Jiyva
  3279 | D:4      | Found Jyrorix's General Store.
  3291 | D:4      | Bought a potion of heal wounds for 70 gold pieces
  3841 | D:4      | Found a stormy altar of Qazlal.
  3993 | D:5      | Entered Level 5 of the Dungeon
  4011 | D:5      | Noticed a water moccasin
  4016 | D:5      | Killed a water moccasin
  4017 | D:5      | Reached skill level 5 in Spellcasting
  4017 | D:5      | Reached skill level 5 in Conjurations
  4017 | D:5      | Reached skill level 5 in Hexes
  4017 | D:5      | Reached skill level 5 in Summonings
  4017 | D:5      | Reached skill level 5 in Necromancy
  4017 | D:5      | Reached skill level 5 in Translocations
  4017 | D:5      | Reached skill level 5 in Transmutations
  4017 | D:5      | Reached skill level 5 in Fire Magic
  4017 | D:5      | Reached skill level 5 in Ice Magic
  4017 | D:5      | Reached skill level 5 in Air Magic
  4017 | D:5      | Reached skill level 5 in Earth Magic
  4017 | D:5      | Reached skill level 5 in Poison Magic
  4017 | D:5      | Reached XP level 8. HP: 50/52 MP: 0/0
  4031 | D:5      | Reached *** piety under Jiyva
  4285 | D:5      | Noticed Ijyb
  4299 | D:5      | Killed Ijyb
  4303 | D:5      | Gained mutation: Your body has grown eyes which may confuse
                  | attackers. (Acc +3) [Jiyva's grace]
  4303 | D:5      | Gained mutation: Your body has grown many eyes which may
                  | confuse attackers. (Acc +5) [Jiyva's grace]
  4303 | D:5      | Gained mutation: Your body is covered in eyes which may
                  | confuse attackers. (Acc +7, SInv) [Jiyva's grace]
  4303 | D:5      | Gained mutation: Your spells are a little harder to cast,
                  | but a little more powerful. [Jiyva's grace]
  4370 | D:5      | Identified the +1 hand axe "Joipaur" {freeze, Int+6}
  4707 | D:5      | Reached **** piety under Jiyva
  4822 | D:6      | Reached XP level 9. HP: 57/57 MP: 0/0
  4822 | D:6      | Learned a level 3 spell: Vampiric Draining
  4970 | D:6      | Noticed Maggie
  4992 | D:6      | Killed Maggie
  5161 | D:6      | Found a runed translucent gate.
  5162 | D:6      | Found a runed translucent gate.
  5162 | D:6      | Noticed Cidec's ghost (novice DsGl)
  5163 | D:6      | Found a runed translucent gate.
  5168 | D:6      | Identified the +7 chain mail "Arphoyjo" {rC- Dex+5 SInv}
  5720 | D:7      | Reached ***** piety under Jiyva
  5880 | D:7      | Reached XP level 10. HP: 62/62 MP: 0/0
  5978 | D:7      | Found an ornate altar of the Wu Jian Council.
  6094 | D:7      | Gained mutation: You have a small jelly attached to you
                  | that may absorb projectiles. [Jiyva's grace]
  6094 | D:7      | Gained mutation: You are robust. (+10% HP) [Jiyva's grace]
  6094 | D:7      | Gained mutation: You are very robust. (+20% HP) [Jiyva's
                  | grace]
  6094 | D:7      | Gained mutation: You are extremely robust. (+30% HP)
                  | [Jiyva's grace]
  6160 | D:8      | Reached skill level 3 in Dodging
  6160 | D:8      | Reached skill level 10 in Unarmed Combat
  6207 | D:8      | Reached skill level 4 in Dodging
  6693 | D:7      | Found a staircase to the Ecumenical Temple.
  6866 | D:8      | Reached skill level 5 in Dodging
  7605 | D:9      | Reached ****** piety under Jiyva
  7649 | D:9      | Reached XP level 11. HP: 96/96 MP: 0/0
  7649 | D:9      | Learned a level 4 spell: Dispel Undead
  7654 | D:9      | Reached skill level 5 in Fighting
  7657 | D:9      | Reached skill level 6 in Dodging
  8073 | D:10     | Entered Level 10 of the Dungeon
  8086 | D:10     | Found a portal to a secret trove of treasure.
  8176 | D:10     | Found a staircase to the Lair.
  8179 | D:10     | Noticed a soul eater
  8252 | D:10     | Gained mutation: You are covered in slimy tendrils that may
                  | disarm your opponents. [Jiyva's grace]
  8252 | D:10     | Gained mutation: Your muscles are strong. (Str +4, Int/Dex
                  | -1) [Jiyva's grace]
  8252 | D:10     | Gained mutation: Your muscles are very strong. (Str +8,
                  | Int/Dex -2) [Jiyva's grace]
  8252 | D:10     | Gained mutation: You possess an exceptional clarity of
                  | mind. [Jiyva's grace]
  8278 | D:10     | Reached skill level 7 in Dodging
  8618 | D:10     | Reached skill level 8 in Dodging
  8622 | D:10     | Found a staircase to the Orcish Mines.
  8805 | D:10     | Noticed Lodul
  8813 | D:10     | Killed Lodul
  9022 | D:11     | Noticed Grum
  9034 | D:11     | Reached XP level 12. HP: 110/110 MP: 0/0
  9056 | D:11     | Killed Grum
  9075 | D:11     | Noticed Sonja
  9089 | D:11     | Killed Sonja
  9115 | D:11     | Noticed Maurice
  9121 | D:11     | Killed Maurice
  9201 | D:11     | Reached skill level 9 in Dodging
  9714 | D:12     | Noticed a centaur warrior
  9841 | D:12     | Lost mutation: Your body is covered in eyes which may
                  | confuse attackers. (Acc +7, SInv) [Jiyva's grace]
  9841 | D:12     | Lost mutation: You have a small jelly attached to you that
                  | may absorb projectiles. [Jiyva's grace]
  9841 | D:12     | Gained mutation: You are partially covered in iridescent
                  | scales. (AC +2) [Jiyva's grace]
  9841 | D:12     | Gained mutation: You are mostly covered in iridescent
                  | scales. (AC +4) [Jiyva's grace]
  9841 | D:12     | Gained mutation: You are completely covered in iridescent
                  | scales. (AC +6) [Jiyva's grace]
  9841 | D:12     | Gained mutation: You expend health (3 HP) to strengthen
                  | your wands. [Jiyva's grace]
  9892 | D:12     | Noticed Nessos
  9919 | D:12     | Killed Nessos
 10080 | D:12     | Identified the +6 quarterstaff of Overwhelming Force
                  | {freeze, rC+ rN+}
 10213 | D:12     | Killed a centaur warrior
 10273 | D:12     | Reached skill level 10 in Dodging
 10704 | Lair:1   | Entered Level 1 of the Lair of Beasts
 10986 | Lair:1   | Reached skill level 1 in Stealth
 11000 | Lair:1   | Reached XP level 13. HP: 122/122 MP: 0/0
 11000 | Lair:1   | Learned a level 5 spell: Metabolic Englaciation
 11708 | Lair:2   | Reached skill level 10 in Fighting
 11796 | Lair:2   | Noticed Amaemon
 11805 | Lair:2   | Killed Amaemon
 11961 | Lair:2   | Found a hole to the Spider Nest.
 12420 | Lair:3   | Found a staircase to the Swamp.
 12422 | Lair:3   | Identified the +0 robe of Sobiut {+Blink Dex+2}
 12473 | Lair:3   | Lost mutation: You are completely covered in iridescent
                  | scales. (AC +6) [Jiyva's grace]
 12473 | Lair:3   | Lost mutation: Your body has grown many eyes which may
                  | confuse attackers. (Acc +5) [Jiyva's grace]
 12473 | Lair:3   | Gained mutation: Your translucent skin slightly reduces
                  | your foes' accuracy. (Stealth+) [Jiyva's grace]
 12473 | Lair:3   | Gained mutation: Your translucent skin reduces your foes'
                  | accuracy. (Stealth+) [Jiyva's grace]
 12473 | Lair:3   | Gained mutation: Your transparent skin significantly
                  | reduces your foes' accuracy. (Stealth+) [Jiyva's grace]
 12473 | Lair:3   | Gained mutation: You have acidic saliva. [Jiyva's grace]
 13782 | Lair:5   | Entered Level 5 of the Lair of Beasts
 13857 | Lair:5   | Noticed a six-headed hydra
 13863 | Lair:5   | Killed a six-headed hydra
 13920 | Lair:5   | Reached XP level 14. HP: 108/136 MP: 0/0
 14171 | Lair:5   | Found a staircase to the Slime Pits.
 14171 | Lair:5   | Found a viscous altar of Jiyva.
 14177 | Lair:5   | Reached skill level 15 in Unarmed Combat
 14432 | Lair:5   | Reached skill level 5 in Stealth
 14685 | Lair:5   | Lost mutation: Your muscles are very strong. (Str +8,
                  | Int/Dex -2) [Jiyva's grace]
 14685 | Lair:5   | Lost mutation: Your body has grown eyes which may confuse
                  | attackers. (Acc +3) [Jiyva's grace]
 14685 | Lair:5   | Lost mutation: Your transparent skin significantly reduces
                  | your foes' accuracy. (Stealth+) [Jiyva's grace]
 14685 | Lair:5   | Lost mutation: You are covered in slimy tendrils that may
                  | disarm your opponents. [Jiyva's grace]
 14685 | Lair:5   | Gained mutation: Your body has grown eyes which may confuse
                  | attackers. (Acc +3) [Jiyva's grace]
 14685 | Lair:5   | Gained mutation: Your body has grown many eyes which may
                  | confuse attackers. (Acc +5) [Jiyva's grace]
 14685 | Lair:5   | Gained mutation: Your body is covered in eyes which may
                  | confuse attackers. (Acc +7, SInv) [Jiyva's grace]
 14685 | Lair:5   | Gained mutation: Your natural rate of healing is unusually
                  | fast. [Jiyva's grace]
 15108 | Swamp:1  | Entered Level 1 of the Swamp
 15188 | Swamp:1  | Noticed an eleionoma
 15195 | Swamp:1  | Reached XP level 15. HP: 138/148 MP: 0/0
 15195 | Swamp:1  | Learned a level 6 spell: Eringya's Noxious Bog
 15254 | Lair:3   | HP: 6/148 [eleionoma/spray of wooden splinters (42)]
 15987 | Swamp:2  | Reached skill level 11 in Dodging
 16145 | Swamp:2  | Identified a scroll of acquirement
 16145 | Swamp:2  | Acquired the ring "Xeru" {+Blink rElec rPois EV+5 Dex+5}
 16221 | Swamp:2  | Reached skill level 1 in Evocations
 16430 | Swamp:3  | Reached skill level 5 in Evocations
 16569 | Swamp:3  | Noticed a thorn hunter
 16585 | Swamp:3  | Killed a thorn hunter
 16736 | Swamp:3  | Found a frozen archway.
 16751 | IceCv    | Entered an ice cave
 16780 | IceCv    | Reached XP level 16. HP: 119/157 MP: 0/0
 16947 | IceCv    | Noticed an Ice Fiend
 16967 | IceCv    | Killed an Ice Fiend
 16979 | IceCv    | Noticed an Ice Fiend
 16994 | IceCv    | Killed an Ice Fiend
 17379 | Swamp:4  | Entered Level 4 of the Swamp
 17522 | Swamp:4  | Found the +4 skin of Zhor {*Englaciate rC+++ SInv}
 17557 | Swamp:4  | Lost mutation: You possess an exceptional clarity of mind.
                  | [Jiyva's grace]
 17557 | Swamp:4  | Lost mutation: Your body is covered in eyes which may
                  | confuse attackers. (Acc +7, SInv) [Jiyva's grace]
 17557 | Swamp:4  | Lost mutation: Your translucent skin reduces your foes'
                  | accuracy. (Stealth+) [Jiyva's grace]
 17557 | Swamp:4  | Lost mutation: Your translucent skin slightly reduces your
                  | foes' accuracy. (Stealth+) [Jiyva's grace]
 17557 | Swamp:4  | Gained mutation: Your skin changes colour to match your
                  | surroundings (Stealth+). [Jiyva's grace]
 17557 | Swamp:4  | Gained mutation: Your skin blends seamlessly with your
                  | surroundings (Stealth++). [Jiyva's grace]
 17557 | Swamp:4  | Gained mutation: Your skin perfectly mimics your
                  | surroundings (Stealth+++). [Jiyva's grace]
 17557 | Swamp:4  | Gained mutation: You are covered in slimy tendrils that may
                  | disarm your opponents. [Jiyva's grace]
 17755 | Swamp:4  | Reached skill level 12 in Dodging
 18069 | Swamp:4  | Got a decaying rune of Zot
 18223 | Spider:1 | Entered Level 1 of the Spider Nest
 18240 | Spider:1 | Reached XP level 17. HP: 169/169 MP: 0/0
 18240 | Spider:1 | Learned a level 7 spell: Orb of Destruction
 18419 | Spider:1 | Reached skill level 13 in Dodging
 19104 | Spider:2 | Noticed Agnes
 19111 | Spider:2 | Killed Agnes
 19167 | Spider:2 | Found the -2 hat of the Alchemist {rElec rPois rF+ rC+ rN+
                  | Will+ rMut rCorr}
 19193 | Spider:2 | Reached skill level 15 in Fighting
 19371 | Spider:2 | Reached skill level 10 in Spellcasting
 19371 | Spider:2 | Reached skill level 10 in Conjurations
 19371 | Spider:2 | Reached skill level 10 in Hexes
 19371 | Spider:2 | Reached skill level 10 in Summonings
 19371 | Spider:2 | Reached skill level 10 in Necromancy
 19371 | Spider:2 | Reached skill level 10 in Translocations
 19371 | Spider:2 | Reached skill level 10 in Transmutations
 19371 | Spider:2 | Reached skill level 10 in Fire Magic
 19371 | Spider:2 | Reached skill level 10 in Ice Magic
 19371 | Spider:2 | Reached skill level 10 in Air Magic
 19371 | Spider:2 | Reached skill level 10 in Earth Magic
 19371 | Spider:2 | Reached skill level 10 in Poison Magic
 20145 | Spider:3 | Reached skill level 14 in Dodging
 20271 | Spider:3 | Lost mutation: Your skin perfectly mimics your surroundings
                  | (Stealth+++). [Jiyva's grace]
 20271 | Spider:3 | Lost mutation: Your natural rate of healing is unusually
                  | fast. [Jiyva's grace]
 20271 | Spider:3 | Lost mutation: You are extremely robust. (+30% HP) [Jiyva's
                  | grace]
 20271 | Spider:3 | Lost mutation: You are very robust. (+20% HP) [Jiyva's
                  | grace]
 20271 | Spider:3 | Gained mutation: You have a small jelly attached to you
                  | that may absorb projectiles. [Jiyva's grace]
 20271 | Spider:3 | Gained mutation: Your rubbery body absorbs attacks. (AC +1,
                  | EV +1) [Jiyva's grace]
 20271 | Spider:3 | Gained mutation: Your pliable body absorbs attacks. (AC +2,
                  | EV +2) [Jiyva's grace]
 20271 | Spider:3 | Gained mutation: Your gelatinous body deflects attacks. (AC
                  | +3, EV +3) [Jiyva's grace]
 20309 | Spider:3 | Reached XP level 18. HP: 145/151 MP: 0/0
 21059 | Spider:4 | Entered Level 4 of the Spider Nest
 21713 | Spider:4 | Reached skill level 15 in Dodging
 21877 | Spider:4 | Identified the +0 hat of the Evening Star {Str-3 Int+8
                  | Dex+2 Stlth+}
 21926 | Spider:4 | Got a gossamer rune of Zot
 22254 | Slime:1  | Entered Level 1 of the Pits of Slime
 22254 | Slime:1  | Noticed an acid blob
 22284 | Slime:5  | Entered Level 5 of the Pits of Slime
 22300 | Slime:5  | Noticed an acid blob
 22301 | Slime:5  | Noticed an acid blob
 22311 | Slime:5  | Noticed an acid blob
 22325 | Slime:5  | Noticed an acid blob
 22344 | Slime:5  | Noticed an acid blob
 22384 | Slime:5  | Noticed an acid blob
 22420 | Slime:5  | Noticed an acid blob
 22427 | Slime:5  | Noticed an acid blob
 22452 | Slime:5  | Noticed an acid blob
 22500 | Slime:5  | Noticed an acid blob
 22518 | Slime:5  | Found a viscous altar of Jiyva.
 22519 | Slime:5  | Noticed the Royal Jelly
 22531 | Slime:5  | Identified the ring "Vaofem" {rC+ Will+ Int-4 Stlth+}
 22538 | Slime:5  | Identified the +2 cloak of Xom's Whim {Will- rCorr Int+3}
 22540 | Slime:5  | Identified the ring of Dim Light {Wiz Fly}
 22546 | Slime:5  | Identified the amulet "Jaucrux" {Acrobat Harm rElec Will+}
 22553 | Slime:5  | Identified the +3 leather armour of Trial and Error {Regen+
                  | SInv}
 22558 | Slime:5  | Identified the +4 glaive "Usiqaw" {antimagic, rN+}
 22559 | Slime:5  | Identified the +2 dagger "Xeqeol" {venom, Dex+3 Stlth-}
 22561 | Slime:5  | Got a slimy rune of Zot
 22629 | Slime:3  | Noticed an acid blob
 22639 | Slime:2  | Noticed an acid blob
 22639 | Slime:2  | Noticed an acid blob
 22988 | D:13     | Reached XP level 19. HP: 154/161 MP: 0/0
 22988 | D:13     | Learned a level 7 spell: Monstrous Menagerie
 23249 | D:13     | Lost mutation: You are mostly covered in iridescent scales.
                  | (AC +4) [Jiyva's grace]
 23249 | D:13     | Lost mutation: Your skin blends seamlessly with your
                  | surroundings (Stealth++). [Jiyva's grace]
 23249 | D:13     | Lost mutation: Your skin changes colour to match your
                  | surroundings (Stealth+). [Jiyva's grace]
 23249 | D:13     | Gained mutation: Your flesh is almost immune to the effects
                  | of heat. (rF+++) [Jiyva's grace]
 23249 | D:13     | Gained mutation: You passively dampen the noise of your
                  | surroundings. [Jiyva's grace]
 23249 | D:13     | Gained mutation: You have a pair of small horns on your
                  | head. [Jiyva's grace]
 23249 | D:13     | Gained mutation: You have a pair of horns on your head.
                  | [Jiyva's grace]
 23857 | D:14     | Found a runed translucent door.
 23982 | D:14     | Found Miffady's Antique Armour Boutique.
 23999 | D:14     | Acquired a manual of Air Magic
 24008 | D:14     | Bought the +5 Storm Queen's Shield {shock, Fly rElec} for
                  | 1915 gold pieces
 24008 | D:14     | Found the +5 Storm Queen's Shield {shock, Fly rElec}
 24097 | D:14     | Found a sparkling altar of Nemelex Xobeh.
 24372 | D:14     | Found a gate to the Vaults.
 24417 | D:15     | Entered Level 15 of the Dungeon
 24847 | D:15     | Found a staircase to the Depths.
 25032 | D:15     | Lost mutation: Your gelatinous body deflects attacks. (AC
                  | +3, EV +3) [Jiyva's grace]
 25032 | D:15     | Gained mutation: Your gelatinous body deflects attacks. (AC
                  | +3, EV +3) [Jiyva's grace]
 25032 | D:15     | Gained mutation: Your melee attacks may engulf your foes in
                  | ooze. [Jiyva's grace]
 25032 | D:15     | Gained mutation: You have hidden genetic potential.
                  | [Jiyva's grace]
 25032 | D:15     | Gained mutation: You have great hidden genetic potential.
                  | [Jiyva's grace]
 25370 | Vaults:1 | Entered Level 1 of the Vaults
 25839 | Vaults:1 | Found Cyfel's Weapon Emporium.
 25912 | Vaults:1 | Reached skill level 15 in Air Magic
 25987 | Vaults:1 | Reached XP level 20. HP: 148/168 MP: 0/0
 25994 | Vaults:1 | Noticed Saint Roka
 26009 | Vaults:1 | Killed Saint Roka
 26966 | Vaults:2 | Gained mutation: You are very robust. (+20% HP) [hidden
                  | potential]
 27017 | Vaults:2 | Reached skill level 15 in Spellcasting
 27017 | Vaults:2 | Reached skill level 15 in Conjurations
 27017 | Vaults:2 | Reached skill level 15 in Hexes
 27017 | Vaults:2 | Reached skill level 15 in Summonings
 27017 | Vaults:2 | Reached skill level 15 in Necromancy
 27017 | Vaults:2 | Reached skill level 15 in Translocations
 27017 | Vaults:2 | Reached skill level 15 in Transmutations
 27017 | Vaults:2 | Reached skill level 15 in Fire Magic
 27017 | Vaults:2 | Reached skill level 15 in Ice Magic
 27017 | Vaults:2 | Reached skill level 15 in Earth Magic
 27017 | Vaults:2 | Reached skill level 15 in Poison Magic
 27367 | Vaults:2 | Lost mutation: You are very robust. (+20% HP) [Jiyva's
                  | grace]
 27367 | Vaults:2 | Lost mutation: Your spells are a little harder to cast, but
                  | a little more powerful. [Jiyva's grace]
 27367 | Vaults:2 | Lost mutation: Your body has grown many eyes which may
                  | confuse attackers. (Acc +5) [Jiyva's grace]
 27367 | Vaults:2 | Lost mutation: Your gelatinous body deflects attacks. (AC
                  | +3, EV +3) [Jiyva's grace]
 27367 | Vaults:2 | Lost mutation: Your pliable body absorbs attacks. (AC +2,
                  | EV +2) [Jiyva's grace]
 27367 | Vaults:2 | Lost mutation: You expend health (3 HP) to strengthen your
                  | wands. [Jiyva's grace]
 27367 | Vaults:2 | Lost mutation: Your melee attacks may engulf your foes in
                  | ooze. [Jiyva's grace]
 27367 | Vaults:2 | Gained mutation: You have supernaturally acute eyesight.
                  | (SInv) [Jiyva's grace]
 27367 | Vaults:2 | Gained mutation: Your melee attacks may engulf your foes in
                  | ooze. [Jiyva's grace]
 27367 | Vaults:2 | Gained mutation: Your mind is acute. (Int +4, Str/Dex -1)
                  | [Jiyva's grace]
 27367 | Vaults:2 | Gained mutation: Your mind is very acute. (Int +8, Str/Dex
                  | -2) [Jiyva's grace]
 28262 | Vaults:3 | Reached XP level 21. HP: 161/173 MP: 0/0
 28262 | Vaults:3 | Learned a level 8 spell: Discord
 28854 | Vaults:3 | Reached skill level 16 in Dodging
 28951 | Vaults:3 | Noticed a bone dragon
 28960 | Vaults:3 | Found a staircase to the Crypt.
 28968 | Vaults:3 | Killed a bone dragon
 29651 | Vaults:4 | Reached skill level 1 in Shields
 29675 | Vaults:4 | Lost mutation: You are robust. (+10% HP) [Jiyva's grace]
 29675 | Vaults:4 | Lost mutation: You have a small jelly attached to you that
                  | may absorb projectiles. [Jiyva's grace]
 29675 | Vaults:4 | Gained mutation: You have a small jelly attached to you
                  | that may absorb projectiles. [Jiyva's grace]
 29675 | Vaults:4 | Gained mutation: You are robust. (+10% HP) [Jiyva's grace]
 29675 | Vaults:4 | Gained mutation: You are very robust. (+20% HP) [Jiyva's
                  | grace]
 29675 | Vaults:4 | Gained mutation: You are extremely robust. (+30% HP)
                  | [Jiyva's grace]
 29801 | Vaults:4 | Noticed Sojobo
 29815 | Vaults:4 | Killed Sojobo
 29883 | Vaults:4 | Noticed an ancient lich
 29904 | Vaults:4 | Killed an ancient lich
 30743 | Vaults:4 | Reached skill level 5 in Shields
 31013 | Depths:1 | Entered Level 1 of the Depths
 31090 | Depths:1 | Lost mutation: You are partially covered in iridescent
                  | scales. (AC +2) [Jiyva's grace]
 31090 | Depths:1 | Lost mutation: You have supernaturally acute eyesight.
                  | (SInv) [Jiyva's grace]
 31090 | Depths:1 | Lost mutation: Your mind is very acute. (Int +8, Str/Dex
                  | -2) [Jiyva's grace]
 31090 | Depths:1 | Lost mutation: Your flesh is almost immune to the effects
                  | of heat. (rF+++) [Jiyva's grace]
 31090 | Depths:1 | Lost mutation: You have great hidden genetic potential.
                  | [Jiyva's grace]
 31090 | Depths:1 | Lost mutation: You are covered in slimy tendrils that may
                  | disarm your opponents. [Jiyva's grace]
 31090 | Depths:1 | Lost mutation: You passively dampen the noise of your
                  | surroundings. [Jiyva's grace]
 31090 | Depths:1 | Gained mutation: Your muscles are very strong. (Str +8,
                  | Int/Dex -2) [Jiyva's grace]
 31090 | Depths:1 | Gained mutation: You expend health (3 HP) to strengthen
                  | your wands. [Jiyva's grace]
 31090 | Depths:1 | Gained mutation: Your flesh is almost immune to the effects
                  | of heat. (rF+++) [Jiyva's grace]
 31090 | Depths:1 | Gained mutation: You possess an exceptional clarity of
                  | mind. [Jiyva's grace]
 31236 | Depths:1 | Identified the +1 shortbow of Oheise {freeze, Str+2 Int+3
                  | Dex-2}
 31265 | Depths:1 | Reached XP level 22. HP: 128/217 MP: 0/0
 31462 | Depths:1 | Found a gateway to Hell.
 31972 | Depths:2 | Noticed a caustic shrike
 31987 | Depths:2 | Killed a caustic shrike
 31987 | Depths:2 | Gained mutation: You passively map a small area around you.
                  | [hidden potential]
 31987 | Depths:2 | Lost mutation: You have hidden genetic potential. [hidden
                  | potential expressed]
 32227 | Depths:2 | Found a one-way gateway to a ziggurat.
 32425 | Depths:2 | Found a one-way gate to the infinite horrors of the Abyss.
 32630 | Depths:2 | Lost mutation: You have a pair of horns on your head.
                  | [Jiyva's grace]
 32630 | Depths:2 | Lost mutation: You possess an exceptional clarity of mind.
                  | [Jiyva's grace]
 32630 | Depths:2 | Lost mutation: Your mind is acute. (Int +4, Str/Dex -1)
                  | [Jiyva's grace]
 32630 | Depths:2 | Lost mutation: Your muscles are very strong. (Str +8,
                  | Int/Dex -2) [Jiyva's grace]
 32630 | Depths:2 | Lost mutation: You have acidic saliva. [Jiyva's grace]
 32630 | Depths:2 | Lost mutation: You have a small jelly attached to you that
                  | may absorb projectiles. [Jiyva's grace]
 32630 | Depths:2 | Gained mutation: You possess an exceptional clarity of
                  | mind. [Jiyva's grace]
 32630 | Depths:2 | Gained mutation: Your pliable body absorbs attacks. (AC +2,
                  | EV +2) [Jiyva's grace]
 32630 | Depths:2 | Gained mutation: Your gelatinous body deflects attacks. (AC
                  | +3, EV +3) [Jiyva's grace]
 32630 | Depths:2 | Gained mutation: You have hidden genetic potential.
                  | [Jiyva's grace]
 33316 | Depths:3 | Reached XP level 23. HP: 219/224 MP: 0/0
 33316 | Depths:3 | Learned a level 8 spell: Disjunction
 33327 | Depths:3 | Found a corrupted altar of Lugonu.
 33385 | Depths:3 | Found a hide-covered altar of Uskayaw.
 33567 | Depths:3 | Reached skill level 17 in Dodging
 33723 | Depths:4 | Entered Level 4 of the Depths
 33723 | Depths:4 | Noticed a juggernaut
 33723 | Depths:4 | Noticed a golden dragon
 33736 | Depths:4 | Killed a golden dragon
 33739 | Depths:4 | Killed a juggernaut
 33821 | Depths:4 | Identified the ring "Paugh" {Ice Will+ Str+3}
 33821 | Depths:4 | Noticed Josephina
 33829 | Depths:4 | Killed Josephina
 33833 | Depths:4 | Reached skill level 10 in Shields
 34091 | Depths:4 | Noticed a golden dragon
 34110 | Depths:4 | Killed a golden dragon
 34177 | Depths:4 | Found a gate to the Realm of Zot.
 34692 | Depths:4 | Identified the +3 orcbow "Mere" {drain, rF+ rCorr}
 34877 | Depths:4 | Lost mutation: You are extremely robust. (+30% HP) [Jiyva's
                  | grace]
 34877 | Depths:4 | Lost mutation: You are very robust. (+20% HP) [Jiyva's
                  | grace]
 34877 | Depths:4 | Lost mutation: Your gelatinous body deflects attacks. (AC
                  | +3, EV +3) [Jiyva's grace]
 34877 | Depths:4 | Lost mutation: Your pliable body absorbs attacks. (AC +2,
                  | EV +2) [Jiyva's grace]
 34877 | Depths:4 | Gained mutation: You are agile. (Dex +4, Str/Int -1)
                  | [Jiyva's grace]
 34877 | Depths:4 | Gained mutation: You are very agile. (Dex +8, Str/Int -2)
                  | [Jiyva's grace]
 34877 | Depths:4 | Gained mutation: You are partially covered in iridescent
                  | scales. (AC +2) [Jiyva's grace]
 34877 | Depths:4 | Gained mutation: You are mostly covered in iridescent
                  | scales. (AC +4) [Jiyva's grace]
 35174 | Orc:1    | Entered Level 1 of the Orcish Mines
 35327 | Orc:2    | Entered Level 2 of the Orcish Mines
 35375 | Orc:2    | Found a staircase to the Elven Halls.
 35551 | Orc:2    | Found Ijuzuwep's Distillery.
 35551 | Orc:2    | Found Jorefit's Assorted Antiques.
 35551 | Orc:2    | Found Fougiadi's Weapon Boutique.
 35558 | Orc:2    | Found Munoeph's General Store.
 35560 | Orc:2    | Bought a potion of heal wounds for 65 gold pieces
 35560 | Orc:2    | Bought a potion of cancellation for 104 gold pieces
 35560 | Orc:2    | Bought 2 potions of might for 104 gold pieces
 35560 | Orc:2    | Bought a potion of ambrosia for 104 gold pieces
 35560 | Orc:2    | Bought a potion of curing for 39 gold pieces
 35560 | Orc:2    | Bought a potion of invisibility for 104 gold pieces
 35560 | Orc:2    | Bought a potion of heal wounds for 65 gold pieces
 35562 | Orc:2    | Bought a small brass amulet for 175 gold pieces
 36121 | Orc:2    | Bought a scroll of acquirement for 676 gold pieces
 36121 | Orc:2    | Bought a scroll of teleportation for 39 gold pieces
 36122 | Orc:2    | Acquired a manual of Dodging
 36153 | Elf:1    | Entered Level 1 of the Elven Halls
 36214 | Elf:1    | Reached skill level 18 in Dodging
 36390 | Elf:1    | Reached skill level 19 in Dodging
 36556 | Elf:1    | Reached XP level 24. HP: 173/201 MP: 0/0
 36856 | Elf:1    | Reached skill level 20 in Dodging
 36965 | Elf:2    | Identified the +6 war axe "Ucunnire" {venom, Str+2}
 37235 | Elf:2    | Found Osaip's Antique Armour Emporium.
 37255 | Elf:2    | Reached skill level 21 in Dodging
 37491 | Elf:2    | Found a huge runed translucent gate.
 37491 | Elf:2    | Found a huge runed translucent gate.
 37491 | Elf:2    | Found a huge runed translucent gate.
 37491 | Elf:2    | Found a huge runed translucent gate.
 37491 | Elf:2    | Found a huge runed translucent gate.
 37633 | Elf:2    | Lost mutation: You possess an exceptional clarity of mind.
                  | [Jiyva's grace]
 37633 | Elf:2    | Lost mutation: You passively map a small area around you.
                  | [Jiyva's grace]
 37633 | Elf:2    | Lost mutation: Your rubbery body absorbs attacks. (AC +1,
                  | EV +1) [Jiyva's grace]
 37633 | Elf:2    | Lost mutation: You have hidden genetic potential. [Jiyva's
                  | grace]
 37633 | Elf:2    | Gained mutation: You are strong-willed. (Will+) [Jiyva's
                  | grace]
 37633 | Elf:2    | Gained mutation: You are highly strong-willed. (Will++)
                  | [Jiyva's grace]
 37633 | Elf:2    | Gained mutation: You are extremely strong-willed. (Will+++)
                  | [Jiyva's grace]
 37633 | Elf:2    | Gained mutation: You have a somewhat thin skeletal
                  | structure. (Dex +2, Stealth+) [Jiyva's grace]
 37663 | Elf:2    | Reached skill level 22 in Dodging
 38017 | Elf:3    | Entered Level 3 of the Elven Halls
 38739 | Elf:3    | Found Toudata's Armour Shop.
 39051 | Elf:3    | Reached skill level 23 in Dodging
 39295 | Elf:3    | Identified the +3 orcbow of Quxkat {antimagic, rPois rC+
                  | rN+}
 39463 | Elf:1    | Reached XP level 25. HP: 207/207 MP: 0/0
 39463 | Elf:1    | Learned a level 8 spell: Maxwell's Capacitive Coupling
 39782 | Vaults:5 | Entered Level 5 of the Vaults
 39911 | Vaults:5 | Lost mutation: You are very agile. (Dex +8, Str/Int -2)
                  | [Jiyva's grace]
 39911 | Vaults:5 | Lost mutation: You are extremely strong-willed. (Will+++)
                  | [Jiyva's grace]
 39911 | Vaults:5 | Lost mutation: You are highly strong-willed. (Will++)
                  | [Jiyva's grace]
 39911 | Vaults:5 | Lost mutation: Your body has grown eyes which may confuse
                  | attackers. (Acc +3) [Jiyva's grace]
 39911 | Vaults:5 | Gained mutation: You are completely covered in iridescent
                  | scales. (AC +6) [Jiyva's grace]
 39911 | Vaults:5 | Gained mutation: You are highly strong-willed. (Will++)
                  | [Jiyva's grace]
 39911 | Vaults:5 | Gained mutation: You are extremely strong-willed. (Will+++)
                  | [Jiyva's grace]
 39911 | Vaults:5 | Gained mutation: You are very agile. (Dex +8, Str/Int -2)
                  | [Jiyva's grace]
 39957 | Vaults:5 | Identified the +7 scimitar of Bankruptcy {protect, Will+
                  | Int+2}
 39996 | Vaults:5 | Identified the +7 rapier "Gem Owix" {venom, rPois rF++}
 40255 | Vaults:5 | Reached skill level 1 in Armour
 40273 | Vaults:5 | Identified the staff of the Destroying Gods {Str+3 Stlth+
                  | Earth}
 40393 | Vaults:5 | Noticed a dread lich
 40411 | Vaults:5 | Identified the +0 chain mail of Paicerull {Regen+ SInv}
 40434 | Vaults:5 | Reached skill level 5 in Armour
 40439 | Vaults:5 | Got a silver rune of Zot
 40607 | Vaults:5 | Identified the ring "Ygerepo" {rPois AC+4 Dex+3}
 40827 | Vaults:5 | Found Vied Qyn's Distillery.
 40831 | Vaults:5 | Bought a potion of haste for 190 gold pieces
 40831 | Vaults:5 | Bought a potion of mutation for 152 gold pieces
 40831 | Vaults:5 | Bought a potion of haste for 190 gold pieces
 40831 | Vaults:5 | Bought a potion of heal wounds for 95 gold pieces
 40831 | Vaults:5 | Bought a potion of curing for 57 gold pieces
 40832 | Vaults:5 | Noticed an ancient lich
 40838 | Vaults:5 | Slimified an ancient lich
 40838 | Vaults:5 | an ancient lich changed into an acid blob
 40873 | Vaults:5 | Killed a dread lich
 40908 | Vaults:5 | Found Wotulliu's Distillery.
 40915 | Vaults:5 | Bought a potion of invisibility for 144 gold pieces
 40915 | Vaults:5 | Bought a potion of ambrosia for 144 gold pieces
 40915 | Vaults:5 | Bought a potion of ambrosia for 144 gold pieces
 40915 | Vaults:5 | Bought a potion of curing for 54 gold pieces
 40945 | Vaults:5 | Found Xuxzadaxu's Distillery.
 41036 | Vaults:5 | Found Ozusit's Antique Weapon Shoppe.
 41375 | Crypt:1  | Entered Level 1 of the Crypt
 41678 | Crypt:1  | Reached XP level 26. HP: 216/216 MP: 0/0
 41699 | Crypt:1  | Lost mutation: You are very agile. (Dex +8, Str/Int -2)
                  | [Jiyva's grace]
 41699 | Crypt:1  | Lost mutation: Your flesh is almost immune to the effects
                  | of heat. (rF+++) [Jiyva's grace]
 41699 | Crypt:1  | Lost mutation: You are extremely strong-willed. (Will+++)
                  | [Jiyva's grace]
 41699 | Crypt:1  | Lost mutation: You are highly strong-willed. (Will++)
                  | [Jiyva's grace]
 41699 | Crypt:1  | Lost mutation: You are strong-willed. (Will+) [Jiyva's
                  | grace]
 41699 | Crypt:1  | Lost mutation: You expend health (3 HP) to strengthen your
                  | wands. [Jiyva's grace]
 41699 | Crypt:1  | Gained mutation: You are very agile. (Dex +8, Str/Int -2)
                  | [Jiyva's grace]
 41699 | Crypt:1  | Gained mutation: You are strong-willed. (Will+) [Jiyva's
                  | grace]
 41699 | Crypt:1  | Gained mutation: You are highly strong-willed. (Will++)
                  | [Jiyva's grace]
 41699 | Crypt:1  | Gained mutation: You are extremely strong-willed. (Will+++)
                  | [Jiyva's grace]
 41827 | Crypt:1  | Reached skill level 10 in Armour
 42456 | Crypt:2  | Found a magical portal.
 42489 | WizLab   | Entered The Roulette of Golubria
 42489 | WizLab   | Found a transporter.
 42496 | WizLab   | Found the +2 cloak of the Thief {*Fog Slay-2 SInv Stlth+}
 42496 | WizLab   | Found a corrupted altar of Lugonu.
 42553 | WizLab   | Found a transporter.
 42566 | WizLab   | Found a transporter.
 42608 | WizLab   | Found a transporter.
 42634 | WizLab   | Found a corrupted altar of Lugonu.
 42641 | WizLab   | Found a transporter.
 42646 | WizLab   | Found a transporter.
 42674 | WizLab   | Found a transporter.
 42731 | WizLab   | Found a transporter.
 42733 | WizLab   | Found a transporter.
 42746 | WizLab   | Found a transporter.
 42746 | WizLab   | Found a transporter.
 42798 | WizLab   | Identified the +1 cloak of Failure {rC+ Dex+3}
 42800 | WizLab   | Found a transporter.
 42828 | WizLab   | Identified the +2 cloak of Olithe {Dex+2}
 42947 | WizLab   | Found a transporter.
 42979 | WizLab   | Found a transporter.
 43002 | WizLab   | Found a transporter.
 43025 | WizLab   | Found a transporter.
 43025 | WizLab   | Found a transporter.
 43080 | WizLab   | Found a transporter.
 43080 | WizLab   | Found a transporter.
 43307 | Crypt:2  | Identified the +5 long sword "Lyoxao" {flame, rElec Int+3}
 43332 | Crypt:2  | Identified the +10 longbow of Mufacrau {freeze, Int+3
                  | Stlth+}
 43545 | Crypt:2  | Lost mutation: You are completely covered in iridescent
                  | scales. (AC +6) [Jiyva's grace]
 43545 | Crypt:2  | Lost mutation: You have a somewhat thin skeletal structure.
                  | (Dex +2, Stealth+) [Jiyva's grace]
 43545 | Crypt:2  | Lost mutation: You are extremely strong-willed. (Will+++)
                  | [Jiyva's grace]
 43545 | Crypt:2  | Lost mutation: You are highly strong-willed. (Will++)
                  | [Jiyva's grace]
 43545 | Crypt:2  | Gained mutation: You expend health (3 HP) to strengthen
                  | your wands. [Jiyva's grace]
 43545 | Crypt:2  | Gained mutation: Your translucent skin slightly reduces
                  | your foes' accuracy. (Stealth+) [Jiyva's grace]
 43545 | Crypt:2  | Gained mutation: Your translucent skin reduces your foes'
                  | accuracy. (Stealth+) [Jiyva's grace]
 43545 | Crypt:2  | Gained mutation: Your transparent skin significantly
                  | reduces your foes' accuracy. (Stealth+) [Jiyva's grace]
 43773 | Crypt:3  | Entered Level 3 of the Crypt
 43773 | Crypt:3  | Noticed Xtahua
 43777 | Crypt:3  | Slimified Xtahua
 43777 | Crypt:3  | Xtahua changed into Xtahua the acid blob
 43777 | Crypt:3  | Noticed Xtahua
 43852 | Crypt:3  | Killed Xtahua the acid blob
 44013 | Crypt:3  | Noticed a dread lich
 44021 | Crypt:3  | Killed a dread lich
 44516 | Crypt:3  | Reached XP level 27. HP: 225/225 MP: 0/0
 44516 | Crypt:3  | Learned a level 9 spell: Death's Door
 44743 | Crypt:3  | Found a staircase to the Tomb.
 44752 | Tomb:1   | Entered Level 1 of the Tomb of the Ancients
 44948 | Tomb:1   | Identified the +2 scale mail of the Dice {Dex+3}
 45270 | Tomb:1   | Reached skill level 24 in Dodging
 45460 | Tomb:1   | Lost mutation: You are robust. (+10% HP) [Jiyva's grace]
 45460 | Tomb:1   | Gained mutation: You are completely covered in iridescent
                  | scales. (AC +6) [Jiyva's grace]
 45460 | Tomb:1   | Gained mutation: You have hidden genetic potential.
                  | [Jiyva's grace]
 45460 | Tomb:1   | Gained mutation: You have great hidden genetic potential.
                  | [Jiyva's grace]
 45460 | Tomb:1   | Gained mutation: You have acidic saliva. [Jiyva's grace]
 45576 | Tomb:1   | Noticed a royal mummy
 45594 | Tomb:1   | Slimified a royal mummy
 45594 | Tomb:1   | a royal mummy changed into an acid blob
 45713 | Tomb:1   | Noticed a royal mummy
 45727 | Tomb:1   | Killed a royal mummy
 45863 | Tomb:2   | Noticed a royal mummy
 45863 | Tomb:2   | Noticed a royal mummy
 45865 | Tomb:2   | Noticed a royal mummy
 45887 | Tomb:2   | Slimified a royal mummy
 45887 | Tomb:2   | a royal mummy changed into an acid blob
 45892 | Tomb:2   | Slimified a royal mummy
 45892 | Tomb:2   | a royal mummy changed into an acid blob
 45914 | Tomb:2   | Slimified a royal mummy
 45914 | Tomb:2   | a royal mummy changed into a slime creature
 46039 | Tomb:2   | Noticed a royal mummy
 46057 | Tomb:2   | Killed a royal mummy
 46293 | Tomb:1   | Noticed a royal mummy
 46293 | Tomb:1   | Noticed a royal mummy
 46293 | Tomb:1   | Noticed a royal mummy
 46298 | Tomb:1   | Slimified a royal mummy
 46298 | Tomb:1   | a royal mummy changed into an azure jelly
 46520 | Tomb:1   | Killed a royal mummy
 46523 | Tomb:1   | Noticed a royal mummy
 46701 | Tomb:1   | Noticed a royal mummy
 47387 | Zot:1    | Entered Level 1 of the Realm of Zot
 47439 | Zot:1    | Found a runed translucent door.
 47441 | Zot:1    | Noticed coffeetime's ghost (master AtFi)
 47456 | Zot:1    | Killed coffeetime's ghost
 47569 | Zot:1    | Found the +4 dragonskin cloak
 47569 | Zot:1    | Noticed Tiamat
 47608 | Zot:1    | Killed Tiamat
 47713 | Zot:1    | Found a transporter.
 48042 | Zot:1    | Found a transporter.
 48608 | Zot:1    | Identified the ring "Cygy" {Wiz rC+}
 48747 | Zot:2    | Reached skill level 15 in Shields
 49056 | Zot:2    | Gained mutation: You possess an exceptional clarity of
                  | mind. [hidden potential]
 49148 | Zot:2    | Reached skill level 25 in Dodging
 50394 | Zot:3    | Lost mutation: You are very agile. (Dex +8, Str/Int -2)
                  | [Jiyva's grace]
 50394 | Zot:3    | Lost mutation: Your muscles are strong. (Str +4, Int/Dex
                  | -1) [Jiyva's grace]
 50394 | Zot:3    | Lost mutation: Your transparent skin significantly reduces
                  | your foes' accuracy. (Stealth+) [Jiyva's grace]
 50394 | Zot:3    | Gained mutation: You have a pair of horns on your head.
                  | [Jiyva's grace]
 50394 | Zot:3    | Gained mutation: You have a pair of large horns on your
                  | head. [Jiyva's grace]
 50394 | Zot:3    | Gained mutation: Your rubbery body absorbs attacks. (AC +1,
                  | EV +1) [Jiyva's grace]
 50394 | Zot:3    | Gained mutation: Your pliable body absorbs attacks. (AC +2,
                  | EV +2) [Jiyva's grace]
 50397 | Zot:3    | Lost mutation: You have acidic saliva. [potion of mutation]
 50397 | Zot:3    | Lost mutation: You have great hidden genetic potential.
                  | [potion of mutation]
 50397 | Zot:3    | Lost mutation: Your pliable body absorbs attacks. (AC +2,
                  | EV +2) [potion of mutation]
 50397 | Zot:3    | Lost mutation: Your translucent skin reduces your foes'
                  | accuracy. (Stealth+) [potion of mutation]
 50397 | Zot:3    | Lost mutation: Your melee attacks may engulf your foes in
                  | ooze. [potion of mutation]
 50397 | Zot:3    | Gained mutation: Your natural rate of healing is unusually
                  | fast. [potion of mutation]
 50398 | Zot:3    | Lost mutation: You have a pair of large horns on your head.
                  | [potion of mutation]
 50398 | Zot:3    | Lost mutation: You expend health (3 HP) to strengthen your
                  | wands. [potion of mutation]
 50398 | Zot:3    | Gained mutation: You are very agile. (Dex +8, Str/Int -2)
                  | [potion of mutation]
 50477 | Zot:3    | Noticed an orb of fire
 50515 | Zot:3    | Killed an orb of fire
 50516 | Zot:3    | Reached skill level 26 in Dodging
 50722 | Zot:4    | Noticed Parghit
 50771 | Zot:3    | Killed Parghit
 50804 | Zot:4    | Found a transporter.
 50926 | Zot:4    | Found a transporter.
 51312 | Zot:4    | Found a transporter.
 51345 | Zot:3    | Reached skill level 27 in Dodging
 51497 | Zot:4    | Found a transporter.
 51503 | Zot:4    | Identified the +6 orcbow of Qyigyec {flame, Drain MP+9
                  | Int+3}
 51699 | Zot:5    | Entered Level 5 of the Realm of Zot
 52091 | Zot:5    | Noticed an ancient lich
 52105 | Zot:5    | Killed an ancient lich
 52123 | Zot:5    | Gained mutation: You are partially covered in large bone
                  | plates. (SH +4) [hidden potential]
 52123 | Zot:5    | Lost mutation: You have hidden genetic potential. [hidden
                  | potential expressed]
 52141 | Zot:5    | Noticed an ancient lich
 52146 | Zot:5    | Killed an ancient lich
 52310 | Zot:5    | Noticed a Killer Klown
 52533 | Zot:5    | Noticed an orb of fire
 52537 | Zot:5    | Killed an orb of fire
 52629 | Zot:5    | Noticed a dread lich
 52641 | Zot:5    | Killed a dread lich
 52647 | Zot:5    | Noticed a Killer Klown
 52664 | Zot:5    | Noticed a dread lich
 52664 | Zot:5    | Noticed a dread lich
 52669 | Zot:5    | Killed a dread lich
 52672 | Zot:5    | Killed a dread lich
 52686 | Zot:5    | Killed a Killer Klown
 52692 | Zot:5    | Killed a Killer Klown
 52699 | Zot:5    | Noticed an orb of fire
 52714 | Zot:5    | Lost mutation: Your rubbery body absorbs attacks. (AC +1,
                  | EV +1) [an orb of fire]
 52717 | Zot:5    | Killed an orb of fire
 52826 | Zot:5    | Noticed an ancient lich
 52837 | Zot:5    | Killed an ancient lich
 52877 | Zot:5    | Noticed a Killer Klown
 52888 | Zot:5    | Killed a Killer Klown
 52890 | Zot:5    | Lost mutation: You have a pair of horns on your head.
                  | [Jiyva's grace]
 52890 | Zot:5    | Lost mutation: You are partially covered in large bone
                  | plates. (SH +4) [Jiyva's grace]
 52890 | Zot:5    | Lost mutation: You are very agile. (Dex +8, Str/Int -2)
                  | [Jiyva's grace]
 52890 | Zot:5    | Lost mutation: Your natural rate of healing is unusually
                  | fast. [Jiyva's grace]
 52890 | Zot:5    | Gained mutation: You are resistant to electric shocks.
                  | (rElec) [Jiyva's grace]
 52890 | Zot:5    | Gained mutation: Your rubbery body absorbs attacks. (AC +1,
                  | EV +1) [Jiyva's grace]
 52890 | Zot:5    | Gained mutation: Your pliable body absorbs attacks. (AC +2,
                  | EV +2) [Jiyva's grace]
 52890 | Zot:5    | Gained mutation: Your gelatinous body deflects attacks. (AC
                  | +3, EV +3) [Jiyva's grace]
 53045 | Zot:5    | Noticed an orb of fire
 53050 | Zot:5    | Killed an orb of fire
 54132 | Tomb:1   | Noticed a royal mummy
 54138 | Tomb:1   | Slimified a royal mummy
 54138 | Tomb:1   | a royal mummy changed into a slime creature
 54155 | Tomb:1   | Killed a royal mummy
 54165 | Tomb:1   | Noticed a royal mummy
 54198 | Tomb:1   | Killed a royal mummy
 54268 | Tomb:1   | Noticed a royal mummy
 54270 | Tomb:1   | Noticed a royal mummy
 54287 | Tomb:1   | Killed a royal mummy
 54311 | Tomb:1   | Killed a royal mummy
 54367 | Tomb:1   | Noticed a royal mummy
 54379 | Tomb:1   | Killed a royal mummy
 54389 | Tomb:1   | Killed a royal mummy
 54454 | Tomb:1   | Noticed a royal mummy
 54461 | Tomb:1   | Killed a royal mummy
 54466 | Tomb:1   | Noticed a royal mummy
 54472 | Tomb:1   | Killed a royal mummy
 54527 | Tomb:1   | Noticed a royal mummy
 54528 | Tomb:1   | Noticed a royal mummy
 54542 | Tomb:1   | Killed a royal mummy
 54548 | Tomb:1   | Killed a royal mummy
 54598 | Tomb:1   | Noticed a royal mummy
 54613 | Tomb:1   | Killed a royal mummy
 54717 | Tomb:1   | Noticed a royal mummy
 54725 | Tomb:1   | Killed a royal mummy
 54765 | Tomb:1   | Killed a royal mummy
 55151 | Tomb:3   | Entered Level 3 of the Tomb of the Ancients
 55236 | Tomb:3   | Noticed a royal mummy
 55250 | Tomb:3   | Slimified a royal mummy
 55250 | Tomb:3   | a royal mummy changed into an azure jelly
 55318 | Tomb:3   | Noticed a royal mummy
 55324 | Tomb:3   | Noticed a royal mummy
 55324 | Tomb:3   | Noticed a royal mummy
 55324 | Tomb:3   | Noticed a royal mummy
 55327 | Tomb:3   | Noticed a royal mummy
 55343 | Tomb:3   | Identified the +10 scimitar of Starshine {flame, rPois rF-
                  | rN+ Will+}
 55343 | Tomb:3   | Noticed a royal mummy
 55343 | Tomb:3   | Killed a royal mummy
 55346 | Tomb:3   | Noticed a royal mummy
 55358 | Tomb:3   | Killed a royal mummy
 55368 | Tomb:3   | Identified the +0 chain mail "Rejer" {-Tele rPois rF+++
                  | SInv}
 55443 | Tomb:3   | Noticed a royal mummy
 55473 | Tomb:3   | Killed a royal mummy
 55552 | Tomb:3   | Killed a royal mummy
 55590 | Tomb:3   | Killed a royal mummy
 55628 | Tomb:3   | Got a golden rune of Zot
 55798 | Tomb:3   | Killed a royal mummy
 55923 | Tomb:3   | Killed a royal mummy
 55948 | Tomb:3   | Lost mutation: You are strong-willed. (Will+) [mutagenic
                  | glow]
 56158 | Tomb:3   | Killed a royal mummy
 56281 | Tomb:3   | Identified the +1 leather armour "Zadutsut" {rElec Str+4
                  | Int+3}
 56319 | Tomb:3   | Identified the +8 plate armour "Cumnotet" {Will+}
 56337 | Tomb:3   | Identified the +6 short sword of the Conjuring Weasel
                  | {flame, Str+3}
 56341 | Tomb:3   | Identified the +7 war axe of the Illusory Bounties {venom,
                  | Int+4}
 56357 | Tomb:3   | Identified the staff of Integrity {Int+4 Conj}
 56989 | Hell     | Entered the Vestibule of Hell
 56989 | Hell     | Noticed Geryon
 57013 | Hell     | Noticed Murray
 57015 | Hell     | Killed Geryon
 57116 | Depths:1 | Killed Murray
 57586 | Hell     | Found a gateway to the freezing wastes of Cocytus.
 57632 | Hell     | Found a gateway to the Iron City of Dis.
 57651 | Dis:1    | Entered Level 1 of the Iron City of Dis
 58161 | Dis:5    | Slain by a +0 heavy great sword

Illustrated notes

Levels and vault maps discovered:
D:1:      dpeg_arrival_tiny_a, layout_loops_corners, hangedman_decor_growths
D:2:      layout_basic, minmay_worlds_worst_comb, uniq_sigmund,
          uniq_crazy_yiuf_cottage, uniq_terence
D:3:      layout_basic, dreamdust_ecumenical_altar_grove, uniq_jessica,
          uniq_robin
D:4:      layout_loops_ring, lemuel_round_altar, serial_shops,
          nicolae_shop_gibbet_a_chance
D:5:      layout_basic, kennysheep_crisscross, uniq_ijyb
D:6:      layout_cave_pods, biasface_ghost_orc_armoury, uniq_maggie
D:7:      layout_rooms, nicolae_wu_jian_wuxing_cycle, minmay_temple_entry_hall
D:8:      kennysheep_six_static_rooms, layout_gridville, serial_ice,
          serial_ice_e, serial_ice_d, serial_ice_n, serial_ice_a, serial_ice_c,
          serial_ice_h, serial_ice_m
D:9:      layout_layer_cave
D:10:     layout_stronghold, due_lair_maze_entry_diamond, david_orc_5,
          nicolae_trove_entry_isolated, uniq_lodul
D:11:     layout_basic, uniq_grum, uniq_maurice, uniq_sonja
D:12:     kennysheep_seaside_town, layout_loops_ring, uniq_nessos
D:13:     nicolae_BIG_FREAKIN_CUBE, layout_grid_maze, minmay_fire_ice_demons
D:14:     cheibrodos_shockbox, layout_loops_cross, david_vaults_4, serial_shops,
          shop, hangedman_decor_lopped, nemelex_diamond_rough_becter
D:15:     grunt_enter_depths_snipers, layout_stronghold,
          chequers_serial_rivers_micro_a
Lair:1:   layout_loops_ring
Lair:2:   layout_gridlike, dummy_spider_entry, uniq_amaemon
Lair:3:   layout_concentric_octagons, minmay_swamp_entry_reptiles
Lair:4:   layout_cave_pods, infiniplex_staircase_pool
Lair:5:   hangedman_lair_tendril_chambers, layout_gridlike,
          hangedman_lair_caniforms_friends, slime_entry_1,
          infiniplex_staircase_pool_2
Swamp:1:  layout_basic_swamp, hangedman_swamp_cone
Swamp:2:  layout_basic_swamp, evilmike_swamp_ruin_house_3, swamp_pool5
Swamp:3:  layout_falls_marsh, portal_ice_cave_entry_dragon,
          hangedman_swamp_ruin_wall
Swamp:4:  swamp, layout_basic_swamp, nicolae_swamp_vermiculated
Spider:1: layout_spider_delve, nicolae_spider_swamp_cousins
Spider:2: layout_spider_delve, uniq_agnes
Spider:3: layout_cave_pods, spiders_nest_the_unseen
Spider:4: grunt_spider_rune_circles
Slime:1:  layout_caves
Slime:2:  layout_caves
Slime:3:  layout_caves
Slime:4:  nicolae_slime_infinislime, layout_caves,
          nicolae_slime_rock_hall_of_fame
Slime:5:  slime_pit_nicolae_royal_road_to_ruin
Orc:1:    layout_caves
Orc:2:    st_orc_mages, layout_diamond_mine
Elf:1:    layout_gridlike, kennysheep_underground_church, drop_trap,
          statue_in_the_mist_lemuel, grunt_megastairs_1
Elf:2:    elven_hall_of_blades_hangedman_alternative [nicolae_blade_bullseye],
          layout_geoelf_grid, serial_shops, nicolae_diamond_shop
Elf:3:    minmay_elf_hall_x, layout_geoelf_castle, serial_shops,
          nicolae_shop_behind_doors, grunt_megastairs_4
Vaults:1: nicolae_vaults_disjoint_gnomons, ontoclasm_vaults_idyll, v_misc_17,
          nicolae_vaults_taking_the_gang_shopping, hangedman_vaults_maws,
          nicolae_vaults_holding_cells, vaults_room_large_hall,
          vaults_room_pools, nicolae_vaults_triangles, ontoclasm_vaults_twist,
          v_alt_pattern_2, nicolae_vaults_yaktaur_gun_rack,
          layout_vaults_big_cross, uniq_saint_roka
Vaults:2: nicolae_vaults_disjoint_gnomons, v_misc_24,
          nicolae_vaults_puzzle_piece, nicolae_vaults_six-pack,
          hangedman_vaults_corner, nicolae_vaults_sightless_eye, v_misc_24,
          nicolae_vaults_network_s, vaults_room_semicircle,
          nicolae_vaults_tangram_1, nicolae_vaults_hexular_roomagon,
          ontoclasm_vaults_loading_screen, layout_vaults_omnibox, serial_glass
Vaults:3: v_misc_10, nicolae_vaults_shelves_hall,
          minmay_crypt_entry_nasty_monster, nicolae_vaults_rhombus_6,
          serial_ice_m, st_lattice, v_misc_17, nicolae_vaults_wine_cellar,
          nicolae_vaults_closet_pinwheel_6, nicolae_vaults_two_Ls,
          layout_vaults_quadrants
Vaults:4: st_octagons_1, nicolae_vaults_network_star, v_rooms_4,
          nicolae_vaults_tetromino_Z_1, nicolae_vaults_little_squares_1,
          grunt_vaults_trifunnel, nicolae_vaults_rhombus_5,
          layout_vaults_chaotic_city, uniq_sojobo
Vaults:5: serial_shops
Crypt:1:  layout_regular_city, st_stairs_12, grunt_crypt_arrival_webbed
Crypt:2:  hangedman_staggered_hall, layout_regular_city, mu_enter_wizlab_4,
          due_unseen_surprise
Crypt:3:  cryptofortress_bobbens, uniq_xtahua
Tomb:1
Tomb:2
Tomb:3
Depths:1: layout_forbidden_donut, hangedman_decor_peaks_small,
          hangedman_tar_grid_catacomb, kennysheep_flooded_box, evilmike_minifort
Depths:2: minmay_isolated_rectangles_in_corner, layout_cave_pools,
          enter_ziggurat_e, pan_entry, abyss_entry, hangedman_decor_push,
          hell_entry
Depths:3: evilmike_cross, layout_cave_pools, abyss_entry_flame_altar,
          nicolae_uskayaw_suspiria, hell_entry, kennysheep_another_room,
          uniq_margery
Depths:4: evilmike_zot_entry_hall, layout_gridlike, hellmouth_3,
          chequers_big_river, drop_trap, uniq_josephina
Hell
Dis:1:    layout_jigsaw
Dis:2:    layout_regular_city
Dis:3:    layout_gridville
Dis:4:    layout_subdivisions
Dis:5:    nicolae_dis_hell_of_blades
Zot:1:    gammafunk_the_bubble [the_bubble_gammafunk_grid], layout_basic,
          ebering_ghost_inner_flame, uniq_tiamat
Zot:2:    layout_basic
Zot:3:    dreamdust_black_sun_cult, layout_gridlike
Zot:4:    layout_misc_corridors, nicolae_transporter_intersection, uniq_parghit
Zot:5:    layout_gridlike, st_stairs_4, hangedman_zot_decor_scrapings

Skill      XL: |  1  2  3  4  5  6  7  8  9 10 11 12 13 14 15 16 17 18 19 20 21 22 23 24 25 26 27 |
---------------+----------------------------------------------------------------------------------+-----
Unarmed Combat | 5 6 8 9 10 12 13 14 15 16 17 18 19 20 21 22 26 | 26.3
Spellcasting   | 3 4 5 7 8 9 10 13 15 16 19 | 19.0
Conjurations   | 3 4 5 7 8 9 10 13 15 16 19 | 19.0
Hexes          | 3 4 5 7 8 9 10 13 15 16 19 | 19.0
Summonings     | 3 4 5 7 8 9 10 13 15 16 19 | 19.0
Necromancy     | 3 4 5 7 8 9 10 13 15 16 19 | 19.0
Translocations | 3 4 5 7 8 9 10 13 15 16 20 | 20.9
Transmutations | 3 4 5 7 8 9 10 13 15 16 19 | 19.0
Fire Magic     | 3 4 5 7 8 9 10 13 15 16 20 | 20.9
Ice Magic      | 3 4 5 7 8 9 10 13 15 16 19 | 19.0
Air Magic      | 3 4 5 7 8 9 10 15 18 19 20 23 | 23.7
Earth Magic    | 3 4 5 7 8 9 10 13 15 16 19 | 19.0
Poison Magic   | 3 4 5 7 8 9 10 13 15 16 19 | 19.0
Fighting       | 4 7 9 11 13 14 15 16 17 18 19 20 24 | 24.7
Dodging        | 5 8 10 11 12 14 15 16 19 23 27 | 27.0
Stealth        | 1 4 5 |  5.0
Evocations     | 6 |  6.9
Shields        | 5 9 11 12 13 15 | 15.1
Armour         | 9 11 | 11.0

Action                     |  1- 3 |  4- 6 |  7- 9 | 10-12 | 13-15 | 16-18 | 19-21 | 22-24 | 25-27 || total
---------------------------+-------+-------+-------+-------+-------+-------+-------+-------+-------++-------
  Melee: Unarmed           |    93 |   170 |   215 |   434 |   773 |   884 |   995 |  1203 |  4282 ||  9049
         Punch             |     2 |     3 |     5 |     3 |     9 |    55 |   179 |       |       ||   256
         Headbutt          |     1 |     8 |       |       |    10 |       |   375 |   451 |  1851 ||  2696
         Bite              |       |       |       |       |    12 |    65 |   225 |    34 |   226 ||   562
   Cast: Beastly Appendage |    10 |     6 |       |       |     1 |       |       |       |       ||    17
         Spider Form       |     1 |     5 |    19 |     6 |    12 |     1 |       |       |       ||    44
         Poisonous Vapours |       |     2 |       |       |       |       |       |       |       ||     2
         Frozen Ramparts   |       |       |    10 |    24 |    21 |    36 |    15 |    10 |    29 ||   145
         Ice Form          |       |       |     1 |    30 |    32 |    34 |       |       |       ||    97
         Metabolic Englaci |       |       |       |       |     2 |     2 |       |       |       ||     4
         Eringya's Noxious |       |       |       |       |     2 |    18 |    21 |    13 |     9 ||    63
         Dispel Undead     |       |       |       |       |       |     1 |       |       |   131 ||   132
         Orb of Destructio |       |       |       |       |       |       |    11 |    23 |    20 ||    54
         Monstrous Menager |       |       |       |       |       |       |    14 |    33 |    39 ||    86
         Discord           |       |       |       |       |       |       |       |       |     1 ||     1
         Maxwell's Capacit |       |       |       |       |       |       |       |       |    13 ||    13
 Invoke: Oozemancy         |       |       |       |       |     2 |     8 |     3 |    14 |    11 ||    38
         Slimify           |       |       |       |       |       |       |       |       |    11 ||    11
  Evoke: Wand              |       |       |     1 |     5 |     3 |     3 |       |       |     4 ||    16
    Use: Potion            |       |       |     1 |     1 |     1 |     3 |     6 |     2 |    21 ||    35
         Scroll            |       |       |       |       |    24 |     3 |     6 |     3 |    23 ||    59
   Stab: Sleeping          |     2 |     1 |       |       |     7 |     6 |    14 |     5 |    27 ||    62
         Confused          |       |       |     2 |     3 |     5 |     8 |    25 |     3 |     6 ||    52
         Invisible         |       |       |     1 |       |       |       |       |       |    24 ||    25
         Paralysed         |       |       |       |     4 |       |       |       |       |     1 ||     5
         Distracted        |       |       |       |       |     1 |     5 |     5 |    11 |    39 ||    61
         Petrified         |       |       |       |       |       |       |     4 |       |       ||     4
 Armour: Robe              |     6 |    25 |     5 |       |       |       |       |       |       ||    36
         Skin              |       |     3 |     5 |   102 |   151 |   138 |       |       |       ||   399
         Steam dragon scal |       |       |     1 |    22 |    22 |       |       |       |       ||    45
         Animal skin       |       |       |       |       |       |    80 |   128 |    79 |   381 ||   668
  Dodge: Dodged            |    44 |    83 |   176 |   300 |   678 |   907 |   857 |   815 |  4384 ||  8244
  Block: Kite shield       |       |       |       |       |       |       |    87 |   814 |  4513 ||  5414

Table legend: (Time is in decaauts)
 A = Elapsed time spent in this place.
 B = Non-inter-level travel time spent in this place.
 C = Inter-level travel time spent in this place.
 D = Time resting spent in this place.
 E = Time spent auto-exploring this place.
 F = Levels seen in this place.
 G = Mean time per level.
                   A        B        C        D        E       F      G
               +--------+--------+--------+--------+--------+-----+--------+
         Total |  55797 |  50580 |   5217 |   3271 |  28742 |  66 |  845.4 |
       Dungeon |  13738 |  12577 |   1161 |    601 |   9078 |  15 |  915.9 |
          Lair |   4613 |   4236 |    377 |    136 |   2923 |   5 |  922.6 |
         Swamp |   2388 |   2322 |     66 |    101 |   1180 |   4 |  597.0 |
   Spider Nest |   3724 |   3508 |    216 |    148 |   1919 |   4 |  931.0 |
    Slime Pits |    395 |    308 |     87 |      0 |    205 |   5 |   79.0 |
  Orcish Mines |    959 |    858 |    101 |      0 |    571 |   2 |  479.5 |
   Elven Halls |   3190 |   3030 |    160 |     42 |   1867 |   3 | 1063.3 |
        Vaults |   7498 |   6396 |   1102 |    240 |   3939 |   5 | 1499.6 |
         Crypt |   2864 |   2510 |    354 |      0 |   1309 |   3 |  954.7 |
          Tomb |   4453 |   3829 |    624 |    898 |    860 |   3 | 1484.3 |
        Depths |   4611 |   4011 |    600 |    413 |   2267 |   4 | 1152.8 |
          Hell |    294 |    281 |     13 |     20 |     15 |   1 |  294.0 |
           Dis |    374 |    374 |      0 |     63 |     47 |   5 |   74.8 |
           Zot |   5646 |   5296 |    350 |    532 |   2321 |   5 | 1129.2 |
      Ice Cave |    451 |    451 |      0 |     75 |    130 |   1 |  451.0 |
        Wizlab |    591 |    591 |      0 |      0 |    111 |   1 |  591.0 |
               +--------+--------+--------+--------+--------+-----+--------+

Top non-repeatable levels by time:
  Tomb:1: 2476 daAuts
Vaults:3: 1686 daAuts
Vaults:1: 1497 daAuts
Vaults:2: 1478 daAuts
Depths:1: 1469 daAuts
Vaults:4: 1424 daAuts
Vaults:5: 1412 daAuts
   Zot:5: 1400 daAuts
   Elf:3: 1354 daAuts
Depths:4: 1281 daAuts
  Lair:5: 1241 daAuts
   Zot:1: 1236 daAuts
   Zot:2: 1112 daAuts
  Tomb:3: 1086 daAuts
     D:3: 1071 daAuts
